 Seeded DCSS version 0.30.0-30-g96aa6591b8 (webtiles) character file.

Game seed: 10956055803605267845 (custom seed)

733 CInkIbrahim the Carver (level 7, -14/50 HPs)
             Began as a Demonspawn Gladiator on June 30, 2023.
             Engulfed by a cloud of flame (20 damage)
             ... in a sewer.
             The game lasted 00:10:12 (3691 turns).

CInkIbrahim the Carver (Demonspawn Gladiator)       Turns: 3691, Time: 00:10:13

Health: -14/50     AC:  4    Str: 14    XL:     7   Next: 45%
Magic:  0/7        EV: 15    Int:  9    God:
Gold:   204        SH:  0    Dex: 17    Spells: 6/6 levels left

rFire   . . .        a - +0 long sword
rCold   . . .        (no shield)
rNeg    . . .        r - +0 leather armour
rPois   +            c - +0 helmet
rElec   .            (no cloak)
rCorr   .            (no gloves)
SInv    .            (no boots)
Will    .....        (no amulet)
Stlth   +            o - ring of poison resistance
HPRegen 0.28/turn    (no ring)
MPRegen 0.20/turn

%: guardian spirit
@: no status effects
A: repulsion field 2, magic shield, magic regeneration, demonic touch 1
a: no special abilities


You were in a sewer.
You visited 1 branch of the dungeon, and saw 6 of its levels.
You also visited: Sewer.

You collected 204 gold pieces.

Inventory:

Hand Weapons
 a - a +0 long sword (weapon)
 b - a +1 short sword of electrocution
 t - a +0 vampiric short sword
 u - a +1 short sword of distortion
Missiles
 e - a javelin
 q - 12 poisoned darts (quivered)
 s - a silver javelin
Armour
 c - a +0 helmet (worn)
 r - a +0 leather armour (worn)
Jewellery
 o - a ring of poison resistance (left hand)
Scrolls
 f - a scroll of immolation
 g - a scroll of fog
 h - a scroll of amnesia
 m - 2 scrolls of enchant weapon {unknown}
 w - a scroll of teleportation
Potions
 d - a potion of curing
 j - a potion of brilliance {unknown}
 l - a potion of flight
 n - a potion of ambrosia {unknown}


   Skills:
 - Level 2.0 Fighting
 + Level 8.1 Long Blades
 - Level 1.7 Throwing
 - Level 2.6 Dodging


You had 6 spell levels left.
You didn't know any spells.
Your spell library was empty.

Dungeon Overview and Level Annotations

Branches:
Dungeon (6/15)              Sewer (1/1)
 Temple: D:4-7

Altars:
Fedhas
Okawaru

Annotations:
D:3 3 runed translucent doors, seaoflcl's ghost, amateur MiFi Sewer Grinder


Innate Abilities, Weirdness & Mutations

You are surrounded by a moderate repulsion field. (EV +3)
When hurt, damage is shared between your health and your magic reserves.
You regenerate magic rapidly.
Your touch may inflict minor irresistible damage on your foes.


Message History

The adder zombie closely misses you. The necrophage barely misses you.
You hit the necrophage but do no damage.
You touch the necrophage!
You punch the necrophage, but do no damage.
The necrophage is heavily damaged.
The adder zombie closely misses you. The necrophage hits you.
The kobold shouts!
You slash the necrophage!
The necrophage is almost destroyed.
The adder zombie barely misses you. The necrophage barely misses you.
You barely miss the necrophage.
The necrophage is almost destroyed.
The adder zombie barely misses you.
A kobold comes into view.
It is wielding a +0 dagger and quivering poisoned darts.
A kobold comes into view.
It is wielding a +4 dagger of protection.
The necrophage completely misses you.
You barely miss the adder zombie.
The kobold shouts!
Your touch misses the adder zombie.
The adder zombie is lightly damaged.
The adder zombie barely misses you. The necrophage barely misses you.
You hit the adder zombie.
Flame seeps out of the adder zombie. x2
You touch the adder zombie!
The adder zombie is severely damaged.
The adder zombie barely misses you.
You barely miss the adder zombie.
The adder zombie is severely damaged.
The necrophage barely misses you. The adder zombie closely misses you.
The endoplasm closely misses you.
You hit the adder zombie.
The adder zombie explodes!
The fiery explosion engulfs you!!!
Ouch! That really hurt!
* * * LOW HITPOINT WARNING * * *
The fiery explosion engulfs the endoplasm!!!
You kill the endoplasm!
The fiery explosion engulfs the necrophage!
You destroy the necrophage!
You are engulfed in blazing flames.
You die...

#≈≈≈≈≈≈#...#≈≈≈≈≈≈
#≈≈≈≈≈~≈...#≈≈≈≈≈≈
#≈≈≈≈≈≈#...#○≈≈≈≈≈
#≈≈≈≈~...≈.○.~≈≈≈≈
#~≈~)..#≈≈≈#..≈~.≈
#...(..#~≈○#......
#'#######°## ####
#).°..○#°§.#°°..
#≈~.~≈°~○≈°@°○..~~.≈
#~≈≈#~~≈○≈○#.§○#≈≈≈≈
#############°#### #
.K# ⌠○SK .○KK'
_.⌠.'. S.K.○.


You could see a ball python and 5 kobolds.

Vanquished Creatures
  Menkaure (D:4)
  An ice beast (D:6)
  Blork the orc (D:4)
  A necrophage (Sewer)
  3 orc priests (D:3)
  2 hounds (D:6)
  Ijyb (D:4)
  An iguana (D:4)
  An orc wizard (D:3)
  6 adders
  4 gnolls (D:6)
  2 shadow imps (Sewer)
  An ufetubus (Sewer)
  An adder zombie (Sewer)
  2 worms (D:2)
  2 dart slugs (D:1)
  7 orcs (D:3)
  6 ball pythons
  3 bats
  A bat zombie (Sewer)
  12 endoplasms
  6 giant cockroaches
  6 goblins
  6 hobgoblins
  2 jackals (D:3)
  14 kobolds
  4 quokkas
  3 frilled lizards (D:3)
  A kobold zombie (Sewer)
  7 rats
108 creatures vanquished.

Notes
Turn   | Place    | Note
-------+----------+-------------------------------------------
     0 | D:1      | CInkIbrahim the Demonspawn Gladiator began the quest for
                  | the Orb.
     0 | D:1      | Reached XP level 1. HP: 16/16 MP: 1/1
   107 | D:1      | Reached skill level 3 in Long Blades
   182 | D:1      | Gained mutation: You regenerate magic rapidly. [demonic
                  | ancestry]
   182 | D:1      | Reached XP level 2. HP: 22/22 MP: 2/2
   701 | D:1      | Gained mutation: When hurt, damage is shared between your
                  | health and your magic reserves. [demonic ancestry]
   701 | D:1      | Reached XP level 3. HP: 27/27 MP: 3/3
   748 | D:1      | Found a faded altar of an unknown god.
  1327 | D:2      | Reached skill level 4 in Long Blades
  2083 | D:2      | Gained mutation: Your touch may inflict minor irresistible
                  | damage on your foes. [demonic ancestry]
  2083 | D:2      | Reached XP level 4. HP: 33/33 MP: 4/4
  2370 | D:3      | Found a runed translucent gate.
  2370 | D:3      | Found a runed translucent gate.
  2370 | D:3      | Found a runed translucent gate.
  2371 | D:3      | Noticed seaoflcl's ghost (amateur MiFi)
  2423 | D:3      | Reached skill level 5 in Long Blades
  2430 | D:3      | Reached XP level 5. HP: 22/38 MP: 3/5
  2582 | D:3      | Found a faded altar of an unknown god.
  3159 | D:4      | Noticed Blork the orc
  3173 | D:4      | Reached skill level 6 in Long Blades
  3178 | D:4      | Killed Blork the orc
  3179 | D:4      | Gained mutation: You are surrounded by a mild repulsion
                  | field. (EV +2) [demonic ancestry]
  3179 | D:4      | Reached XP level 6. HP: 42/44 MP: 6/6
  3202 | D:4      | Found an iron altar of Okawaru.
  3217 | D:4      | Found a blossoming altar of Fedhas.
  3279 | D:4      | You fall into a shaft and drop 2 floors!
  3307 | D:6      | Noticed an ice beast
  3321 | D:6      | Killed an ice beast
  3322 | D:6      | Reached skill level 7 in Long Blades
  3379 | D:5      | Entered Level 5 of the Dungeon
  3407 | D:4      | Gained mutation: You are surrounded by a moderate repulsion
                  | field. (EV +3) [demonic ancestry]
  3407 | D:4      | Reached XP level 7. HP: 36/50 MP: 7/7
  3408 | D:4      | Noticed Ijyb
  3420 | D:4      | Killed Ijyb
  3453 | D:4      | Noticed Menkaure
  3461 | D:4      | Killed Menkaure
  3507 | D:4      | Reached skill level 8 in Long Blades
  3514 | D:4      | Found a glowing drain.
  3534 | Sewer    | Entered a sewer
  3670 | Sewer    | Found an ancient bone altar of Kikubaaqudgha.
  3675 | Sewer    | Noticed Grinder
  3691 | Sewer    | Engulfed by a cloud of flame

Illustrated notes

Levels and vault maps discovered:
D:1:      dpeg_arrival_round_a, layout_loops_corners,
          hellmonk_ecumenical_altar_heavens_door, kennysheep_nondescript,
          serial_park_tiny_2
D:2:      layout_basic, serial_co_window_serial, co_window_of_opportunity_a,
          co_window_paths_b, co_window_paths_b, co_window_corner_a,
          co_window_of_opportunity_a, co_window_paths_b, co_window_paths_a,
          co_window_broadway_a, co_window_broadway_c, co_window_paths_c,
          co_window_cross_3, co_window_4corner_a, glass_columns_b,
          glass_columns_a, glass_columns_a, glass_columns_a
D:3:      layout_basic, nicolae_overflow_ecumenical_swirl,
          ebering_ghost_rock_garden, serial_park_tiny_pond, chequers_arboretum,
          hangedman_decor_push
D:4:      old_forge, layout_rooms, fedhas_altar_1, mainiacjoe_overflow_brackets,
          okawaru_gym_becter, portal_sewer_entry_f,
          amcnicky_mini_rare_corridor_liquid, feat_on_display, uniq_ijyb,
          uniq_blork_the_orc, uniq_sigmund, uniq_menkaure
D:5:      layout_loops_cross
D:6:      layout_rooms, mainiacjoe_overflow_six_doors_small,
          lightli_temple_of_fire, due_unseen_surprise
Sewer:    kennysheep_sewer_church

Skill      XL: |  1  2  3  4  5  6  7 |
---------------+----------------------+-----
Long Blades    | 3 4 5 6 7 8 |  8.1
Fighting       | |  2.0
Throwing       | |  1.7
Dodging        | |  2.6

Action                     |  1- 3 |  4- 6 |  7- 9 || total
---------------------------+-------+-------+-------++-------
  Melee: Long sword        |   129 |   110 |    63 ||   302
         Touch             |       |    21 |    14 ||    35
         Punch             |       |     1 |     2 ||     3
         Short sword       |       |       |     2 ||     2
  Throw: Throwing net      |     1 |     2 |       ||     3
         Dart              |       |     5 |       ||     5
         Javelin           |       |     4 |       ||     4
    Use: Scroll            |     5 |     5 |     4 ||    14
         Potion            |       |     4 |       ||     4
   Stab: Sleeping          |     1 |       |       ||     1
         Held in net/web   |       |     1 |       ||     1
 Armour: Leather armour    |    33 |    16 |     7 ||    56
         Skin              |       |    16 |       ||    16
  Dodge: Dodged            |    82 |    55 |    53 ||   190
